 Dungeon Crawl Stone Soup version 0.31-a0-7-g51783674b7 (webtiles) character file.

Game seed: 261329424699628861

50 JawaBawa the Covered (level 3, -7/33 HPs)
             Began as a Minotaur Fighter on May 5, 2023.
             Mangled by an ice beast (8 damage)
             ... on level 3 of the Dungeon.
             The game lasted 00:04:40 (1123 turns).

JawaBawa the Covered (Minotaur Fighter)             Turns: 1123, Time: 00:04:45

Health: -7/33      AC: 10    Str: 22    XL:     3   Next: 55%
Magic:  2/2        EV:  9    Int:  5    God:
Gold:   124        SH:  4    Dex:  9    Spells: 2/2 levels left

rFire   . . .        a - +0 war axe
rCold   . . .        c - +0 buckler
rNeg    . . .        b - +0 scale mail
rPois   .            (helmet restricted)
rElec   .            n - +0 cloak
rCorr   .            (no gloves)
SInv    .            l - +1 pair of boots
Will    .....        (no amulet) Stlth
                     (no ring)
HPRegen 0.25/turn    (no ring)
MPRegen 0.08/turn

%: no passive effects
@: no status effects
A: horns 2, retaliatory headbutt
a: no special abilities


You were on level 3 of the Dungeon.
You visited 1 branch of the dungeon, and saw 3 of its levels.

You collected 124 gold pieces.

Inventory:

Hand Weapons
 a - a +0 war axe (weapon)
 e - a +2 whip of flaming
Armour
 b - a +0 scale mail (worn)
 c - a +0 buckler (worn)
 i - the +2 scale mail of Baldness {rPois Will++ Dex+4 Slay-4}
   (You found it on level 2 of the Dungeon)

   Dex:       It affects your dexterity (+4).
   Slay:      It affects your accuracy & damage with ranged weapons and melee
   (-4).
   rPois:     It protects you from poison.
   Will:      It greatly increases your willpower.
 l - a +1 pair of boots (worn)
 n - a +0 cloak (worn)
Wands
 h - a wand of roots (12)
Scrolls
 f - 2 scrolls of amnesia {unknown}
 k - a scroll of enchant armour {unknown}
 o - a scroll of acquirement {unknown}
Potions
 d - 2 potions of might
 g - a potion of haste {unknown}
 j - a potion of mutation {unknown}
 m - 2 potions of curing {unknown}


   Skills:
 + Level 4.0 Fighting
 + Level 3.4 Axes
 + Level 4.3 Armour
 + Level 0.1 Dodging
 + Level 4.0 Shields


You had 2 spell levels left.
You didn't know any spells.
Your spell library contained the following spells:

 Spells                   Type           Power      Damage    Failure   Level
 Apportation              Tloc           0%         N/A       86%         1
 Poisonous Vapours        Pois/Air       0%         N/A       94%         2
 Mephitic Cloud           Conj/Pois/Air  0%         N/A       99%         3
 Portal Projectile        Hex/Tloc       0%         N/A       99%         3
 Tukima's Dance           Hex            0%         N/A       99%         3
 Vhi's Electric Charge    Tloc/Air       0%         N/A       99%         3
 Alistair's Intoxication  Tmut/Pois      0%         N/A       100%        5
 Arcjolt                  Conj/Air       0%         1d10      100%        5
 Blade Hands              Tmut           0%         N/A       100%        5
 Freezing Cloud           Conj/Ice/Air   0%         6-21      100%        5
 Maxwell's Capacitive Co  Air            0%         ∞         100%        8


Dungeon Overview and Level Annotations

Branches:
Dungeon (3/15)

Altars:


Innate Abilities, Weirdness & Mutations

You have a pair of horns on your head.
You reflexively headbutt those who attack you in melee.


Message History

You block the jackal's attack. x2
You see here a scroll labelled SACRE PEPAIGU.
You closely miss the jackal. The jackal barely misses you.
You furiously retaliate!
You headbutt the jackal!
You kill the jackal!
You slash the jackal!
You kill the jackal!
Your Shields skill increases to level 4!
You see here a jackal corpse.
An ice beast comes into view.
You see here a jackal corpse.
You see here a scroll labelled SACRE PEPAIGU.
You see here a jackal corpse.
You hit the ice beast but do no damage. The ice beast hits you.
The ice beast freezes you.
You barely miss the ice beast.
The ice beast hits you but does no damage. x2
You closely miss the ice beast.
You headbutt the ice beast, but do no damage.
The ice beast hits you but does no damage.
You closely miss the ice beast. The ice beast hits you.
The ice beast freezes you!
You barely miss the ice beast. Your headbutt misses the ice beast.
The ice beast closely misses you. You furiously retaliate!
You headbutt the ice beast, but do no damage.
The ice beast hits you but does no damage.
You slash the ice beast!
The ice beast is heavily wounded.
The ice beast hits you. The ice beast freezes you!
* * * LOW HITPOINT WARNING * * *
You slash the ice beast!
The ice beast is almost dead.
You block the ice beast's attack.
You hit the ice beast but do no damage.
The ice beast is almost dead.
The ice beast hits you but does no damage.
The ice beast hits you.
* * * LOW HITPOINT WARNING * * *
The ice beast freezes you!
You die...

#######.# ##..
#.#...##.## ........#
... #.#...##.#
........# ##.#
..###.##.# ........#
.....# ........#
..#### ........# ....
........# ..>#
#######.#############
## #.......†?@Y..#
######..#####.# #..#
.# #..# .# #..# #
...# ##... #...


You could see an ice beast.

Vanquished Creatures
  An adder (D:3)
  An endoplasm (D:1)
  A giant cockroach (D:1)
  4 goblins
  4 hobgoblins
  8 jackals
  2 quokkas (D:1)
  4 ball pythons
  A bat (D:2)
  4 frilled lizards
  3 kobolds
  6 rats (D:1)
39 creatures vanquished.

Notes
Turn   | Place    | Note
-------+----------+-------------------------------------------
     0 | D:1      | JawaBawa the Minotaur Fighter began the quest for the Orb.
     0 | D:1      | Reached XP level 1. HP: 19/19 MP: 0/0
   130 | D:1      | Reached XP level 2. HP: 22/27 MP: 1/1
   583 | D:1      | Reached XP level 3. HP: 33/33 MP: 2/2
   686 | D:2      | Identified the +2 scale mail of Baldness {rPois Will++
                  | Dex+4 Slay-4}
  1112 | D:3      | Noticed an ice beast
  1121 | D:3      | HP: 1/33 [ice beast (12)]
  1123 | D:3      | Mangled by an ice beast

Illustrated notes

Levels and vault maps discovered:
D:1:      eino_arrival_tree_alley, layout_rooms
D:2:      layout_loops_ring, minmay_rat_hole
D:3:      layout_basic, grunt_temple_overflow_open, uniq_natasha

Skill      XL: |  1  2  3 |
---------------+----------+-----
Fighting       | 4 |  4.0
Armour         | 4 |  4.3
Axes           | 3 |  3.4
Shields        | 4 |  4.0
Dodging        | |  0.1

Action                     || total
---------------------------++-------
  Melee: War axe           ||    86
         Headbutt          ||     6
 Armour: Scale mail        ||    67
  Dodge: Dodged            ||    61
  Block: Buckler           ||    22

Table legend: (Time is in decaauts)
 A = Elapsed time spent in this place.
 B = Non-inter-level travel time spent in this place.
 C = Inter-level travel time spent in this place.
 D = Time resting spent in this place.
 E = Time spent auto-exploring this place.
 F = Levels seen in this place.
 G = Mean time per level.
                   A        B        C        D        E       F      G
               +--------+--------+--------+--------+--------+-----+--------+
         Total |   1154 |   1154 |      0 |      0 |    622 |   3 |  384.7 |
       Dungeon |   1154 |   1154 |      0 |      0 |    622 |   3 |  384.7 |
               +--------+--------+--------+--------+--------+-----+--------+

Top non-repeatable levels by time:
     D:1: 641 daAuts
     D:2: 381 daAuts
     D:3: 131 daAuts
